 Dungeon Crawl Stone Soup version 0.28-a0-1429-gf3d713df7a (webtiles) character file.

Game seed: 6920097703706626605

14357 karrick the Basher (level 12, -1/76 HPs)
             Began as a Gargoyle Fighter on Jan 9, 2022.
             Was the Champion of Okawaru.
             Slain by an apocalypse crab (7 damage)
             ... while paralysed by you
             ... in a Gauntlet.
             The game lasted 00:29:06 (14128 turns).

karrick the Basher (Gargoyle Fighter)              Turns: 14128, Time: 00:29:07

Health: -1/76      AC: 24    Str: 21    XL:     12   Next: 15%
Magic:  0/4        EV:  2    Int:  9    God:    Okawaru [******]
Gold:   624        SH:  0    Dex: 13    Spells: 11/11 levels left

rFire   . . .      SeeInvis .   a - +9 demon whip "Sagapp" {antimagic, rCorr}
rCold   + . .      Faith    .   c - +0 buckler
rNeg    + + .      Spirit   .   b - +0 scale mail
rPois   ∞          Reflect  .   L - +0 helmet
rElec   +          Harm     .   A - +1 cloak {Stlth+}
rCorr   +          Rampage  .   R - +1 pair of gloves {hurl}
Will    .....      NoTele   +   (no boots)
Stlth   ++........              (no amulet)
HPRegen 0.22/turn               E - ring of protection from cold
MPRegen 0.09/turn               F - ring of positive energy

@: paralysed
A: sickness immunity, AC +8, negative energy resistance 1, electricity
resistance, torment resistance 1, petrification resistance
a: Renounce Religion, Heroism, Finesse, Duel


You were in a Gauntlet.
You worshipped Okawaru.
Okawaru was exalted by your worship.
You visited 1 branch of the dungeon, and saw 13 of its levels.
You also visited: Bailey and Gauntlet.

You collected 624 gold pieces.

Inventory:

Hand Weapons
 a - the +9 demon whip "Sagapp" (weapon) {antimagic, rCorr}
   (Okawaru gifted it to you on level 9 of the Dungeon)

   It reduces the magical energy of the wielder, and disrupts the spells and
   magical abilities of those it strikes.
   Natural abilities and divine invocations are not affected.
   rCorr:     It protects you from acid and corrosion.
 j - the +8 lance "Wyrmbane" {slay drac, rPois rF+ rC+ AC+3}
   (You found it in a Gauntlet)

   It inflicts extra damage against dragons and draconians.
   AC:        It affects your AC (+3).
   rF:        It protects you from fire.
   rC:        It protects you from cold.
   rPois:     It protects you from poison.
 o - a +0 hand axe of electrocution
 x - a +0 great mace of holy wrath
 B - a +4 vorpal mace
 Y - a +4 mace of holy wrath
Missiles
 H - 12 boomerangs (quivered)
 X - a throwing net
Armour
 b - a +0 scale mail (worn)
 c - a +0 buckler (worn)
 d - a +0 troll leather armour {Pargi}
 h - a +0 pair of gloves
 u - a +0 troll leather armour
 A - a +1 cloak of stealth (worn)
 G - an orb of energy
 L - a +0 helmet (worn)
 R - a +1 pair of gloves of hurling (worn)
 Z - a +2 chain mail of poison resistance
Jewellery
 e - a ring of willpower
 E - a ring of protection from cold (left hand)
 F - a ring of positive energy (right hand)
 M - a ring of resist corrosion
 U - a ring of wizardry
 V - a ring of protection from cold
Wands
 z - a wand of flame (16)
 J - a wand of digging (2)
 N - a wand of iceblast (20)
 P - a wand of paralysis (8)
Scrolls
 i - 2 scrolls of enchant armour
 l - 4 scrolls of vulnerability
 m - 4 scrolls of fear
 q - a scroll of holy word
 r - 4 scrolls of noise
 w - 3 scrolls of fog
 y - 3 scrolls of immolation
 C - a scroll of summoning
 K - a scroll of blinking
 S - a scroll of brand weapon {unknown}
 W - a scroll of amnesia {unknown}
Potions
 f - 2 potions of brilliance
 g - 2 potions of heal wounds
 n - a potion of cancellation
 p - 2 potions of mutation {unknown}
 t - 2 potions of attraction {unknown}
 v - 3 potions of haste {unknown}
 D - 3 potions of lignification {unknown}
 I - 2 potions of flight {unknown}
 O - a potion of invisibility {unknown}
 Q - a potion of curing {unknown}
 T - a potion of magic {unknown}


   Skills:
 + Level 9.3 Fighting
 + Level 12.3 Maces & Flails
 + Level 10.4 Armour
 + Level 4.8 Dodging
 + Level 3.4 Stealth
 + Level 7.9 Shields
 + Level 0.1 Invocations
 + Level 0.4 Evocations


You had 11 spell levels left.
You didn't know any spells.
Your spell library contained the following spells:

 Spells                   Type           Power      Damage    Failure   Level
 Corpse Rot               Necr/Air       0%         N/A       86%         2
 Poisonous Vapours        Pois/Air       0%         N/A       86%         2
 Conjure Flame            Conj/Fire      0%         6-21      98%         3
 Gell's Gravitas          Tloc           0%         N/A       98%         3
 Ignite Poison            Fire/Tmut/Pois 0%         N/A       98%         3
 Lesser Beckoning         Tloc           0%         N/A       98%         3
 Teleport Other           Tloc           0%         N/A       98%         3
 Sticky Flame             Conj/Fire      0%         2d3       100%        4
 Conjure Ball Lightning   Conj/Air       0%         3x3d6     100%        6
 Discord                  Hex            0%         N/A       100%        8
 Disjunction              Tloc           0%         N/A       100%        8


Dungeon Overview and Level Annotations

Branches:
Dungeon (13/15)            Temple (0/1) D:7            Lair (0/6) D:11
    Orc (0/2) D:9          Vaults (0/5) D:13         Bailey (visited)
Gauntlet (1/1)

Altars:
Cheibriados
Okawaru
Trog
Wu Jian
Zin
The Shining One

Shops:
D:6 (

Annotations:
D:8 exclusion: ice statue
D:11 Gastronok
D:13 Erolcha, Frances Gauntlet 11 transporters, exclusions: ice statue and orange crystal statue


Innate Abilities, Weirdness & Mutations

You are immune to sickness and miasma.
Your stone body is resilient. (AC +8)
You are immune to poison.
You resist negative energy. (rN+)
You are resistant to electric shocks. (rElec)
You are resistant to unholy torment.
You are immune to petrification.


Message History

The queen bee buzzes angrily.
The killer bee buzzes angrily. x2
There is a transporter here.
You enter the transporter and appear at another place.
You whack the apocalypse crab!
The apocalypse crab is moderately wounded.
The apocalypse crab breathes chaos at you.
The blast of chaos engulfs you but does no damage.
You whack the apocalypse crab!
The apocalypse crab is heavily wounded.
You are engulfed in seething chaos.
The demonic plant is engulfed in seething chaos.
You hit the apocalypse crab.
The apocalypse crab is severely wounded.
You are engulfed in seething chaos.
The demonic plant is engulfed in seething chaos.
The apocalypse crab is engulfed in seething chaos.
The apocalypse crab completely misses you.
The apocalypse crab barely misses you.
You hit the apocalypse crab.
The apocalypse crab is severely wounded.
You are engulfed in seething chaos.
You suddenly lose the ability to move!
The demonic plant is engulfed in seething chaos.
You are engulfed in seething chaos.
You shrug off the repeated paralysis!
The demonic plant is engulfed in seething chaos.
The apocalypse crab is engulfed in seething chaos.
The apocalypse crab goes berserk!
The apocalypse crab bites you but does no damage.
The apocalypse crab completely misses you.
The apocalypse crab bites you!
You feel your power leaking away.
The apocalypse crab claws you but does no damage.
The apocalypse crab bites you but does no damage.
The apocalypse crab claws you. The apocalypse crab freezes you. You resist.
The apocalypse crab bites you!
You are engulfed in flames!
The apocalypse crab claws you!
* * * LOW HITPOINT WARNING * * *
The apocalypse crab shocks you. You resist.
* * * LOW HITPOINT WARNING * * *
The apocalypse crab bites you!
You die...

.....#©...........©#.....≈§....#©
.....#######.#######....≈8≈....##
###........#.#...........≈.......
#8#........#.###########...######
#########..#.#....#..#.#...#.##..
#8#..#.#...#..#.[#...#.#..#
###..#.#..#..#..##...#(##..
#..#.#.#..#..#.#...#[#..#
###..#©##t@#..#.©#...#©8#.#
#8#..###.#P.#..#.#...#.##..
###....#..#..#P.##...#!##.#
#....#...#..#.)#...#....#
###..#....#..#=#...#.##..
#8#..###########...######
###........#©#.......#©#.
#≈.......#.#..≈∩≈..#.#.
##########.#########.##


You could see an apocalypse crab (berserk).

Vanquished Creatures
  A vault guard (D:9)
  Harold (D:9)
  2 two-headed ogres
  A soul eater (Gauntlet)
  A deep elf pyromancer (D:11)
  An ugly thing (D:13)
  A manticore (D:13)
  2 gargoyles
  3 hornets (Gauntlet)
  A troll (D:11)
  Grinder (D:3)
  Prince Ribbit (Bailey)
  Sigmund (D:2)
  4 humans (Bailey)
  A wraith (D:9)
  9 yaks
  Grum (D:9)
  3 vampire mosquitoes (D:11)
  A water moccasin (D:8)
  Duvessa (D:5)
  Pargi (D:3)
  7 orc warriors
  A black bear (D:6)
  A sky beast (D:3)
  A hornet zombie (D:7)
  An ogre (D:4)
  A necrophage (D:4)
  3 wolves (D:9)
  7 centaurs
  A phantom (D:9)
  2 kobold brigands (D:7)
  A gnoll sergeant (D:3)
  12 bullfrogs
  A scorpion (D:4)
  A wyvern zombie (D:8)
  3 troll zombies (D:9)
  Dowan (D:5)
  7 wights
  12 killer bees
  5 howler monkeys
  3 centaur zombies
  3 orc priests
  Crazy Yiuf (D:3)
  A gnoll shaman (D:7)
  Jessica (D:2)
  3 iguanas
  3 orc wizards
  5 ogre zombies (D:9)
  2 killer bee zombies
  A howler monkey zombie (D:8)
  10 gnolls
  A howler monkey skeleton (D:7)
  6 adders
  2 shadow imps (Gauntlet)
  An ufetubus (D:7)
  An adder skeleton (D:5)
  3 worms
  2 dart slugs
  27 orcs
  6 ball pythons
  5 bats
  6 endoplasms
  A giant cockroach (D:3)
  8 hobgoblins
  6 quokkas
  5 frilled lizards
  13 goblins
  A goblin skeleton (D:9)
  A goblin zombie (D:9)
  A hobgoblin skeleton (D:9)
  5 hobgoblin zombies (D:9)
  18 kobolds
  3 orc skeletons (D:9)
  12 orc zombies (D:9)
  7 rats
280 creatures vanquished.

Vanquished Creatures (others)
  12 demonic plants (Gauntlet)
  2 plants (D:11)
14 creatures vanquished.

Grand Total: 294 creatures vanquished

Notes
Turn   | Place    | Note
-------+----------+-------------------------------------------
     0 | D:1      | karrick the Gargoyle Fighter began the quest for the Orb.
     0 | D:1      | Reached XP level 1. HP: 14/14 MP: 1/1
   187 | D:1      | Reached XP level 2. HP: 19/19 MP: 2/2
   411 | D:1      | Found a faded altar of an unknown god.
  1207 | D:2      | Reached XP level 3. HP: 23/23 MP: 3/3
  1434 | D:2      | Noticed Jessica
  1440 | D:2      | Killed Jessica
  1441 | D:2      | Reached XP level 4. HP: 18/29 MP: 4/4
  1628 | D:2      | Reached skill level 3 in Maces & Flails
  1671 | D:2      | Noticed Sigmund
  1693 | D:2      | Killed Sigmund
  1694 | D:2      | Reached skill level 4 in Maces & Flails
  1694 | D:2      | Reached XP level 5. HP: 19/33 MP: 5/5
  1694 | D:2      | Reached XP level 6. HP: 22/38 MP: 6/6
  2802 | D:3      | Noticed a sky beast
  2812 | D:3      | Killed a sky beast
  2813 | D:3      | Reached skill level 1 in Dodging
  3007 | D:3      | Found a runed translucent door.
  3008 | D:3      | Noticed Crazy Yiuf
  3018 | D:3      | Killed Crazy Yiuf
  3250 | D:3      | Reached skill level 5 in Maces & Flails
  3309 | D:3      | Found an iron altar of Okawaru.
  3350 | D:3      | Reached XP level 7. HP: 30/44 MP: 7/7
  3389 | D:3      | Became a worshipper of Warmaster Okawaru
  3505 | D:3      | Noticed Grinder
  3514 | D:3      | Killed Grinder
  3515 | D:3      | Reached skill level 5 in Fighting
  3515 | D:3      | Reached skill level 5 in Armour
  3611 | D:3      | Noticed Pargi
  3623 | D:3      | Killed Pargi
  3757 | D:3      | Reached skill level 6 in Maces & Flails
  3941 | D:4      | Reached XP level 8. HP: 49/49 MP: 8/8
  4616 | D:5      | Entered Level 5 of the Dungeon
  4780 | D:5      | Found a glowing golden altar of the Shining One.
  4816 | D:5      | Found an ornate altar of the Wu Jian Council.
  4830 | D:5      | Found a snail-covered altar of Cheibriados.
  4852 | D:5      | Found a glowing silver altar of Zin.
  4990 | D:5      | Noticed Duvessa
  4990 | D:5      | Noticed Dowan
  5012 | D:5      | Killed Duvessa
  5012 | D:5      | Reached * piety under Okawaru
  5013 | D:5      | Reached skill level 7 in Maces & Flails
  5016 | D:5      | Killed Dowan
  5421 | D:5      | Found a bloodstained altar of Trog.
  5581 | D:6      | Found Rebidac's Weapon Boutique.
  5630 | D:6      | Reached skill level 5 in Shields
  5905 | D:6      | Reached XP level 9. HP: 34/55 MP: 9/9
  6326 | D:6      | Reached skill level 8 in Maces & Flails
  6462 | D:6      | Reached skill level 1 in Stealth
  6919 | D:7      | Found a staircase to the Ecumenical Temple.
  7030 | D:7      | Noticed a gargoyle
  7088 | D:8      | Reached ** piety under Okawaru
  7460 | D:8      | Noticed an ice statue
  7819 | D:8      | Reached skill level 9 in Maces & Flails
  7840 | D:8      | Reached *** piety under Okawaru
  7841 | D:8      | Reached XP level 10. HP: 52/61 MP: 10/10
  8622 | D:7      | Killed a gargoyle
  9035 | D:7      | Reached skill level 10 in Maces & Flails
  9424 | D:9      | Found a flagged portal.
  9464 | Bailey   | Entered a bailey
  9804 | Bailey   | Noticed Prince Ribbit
  9808 | Bailey   | Noticed a vault guard
  9816 | Bailey   | Reached **** piety under Okawaru
  9831 | Bailey   | Killed Prince Ribbit
  9844 | Bailey   | Noticed a vault guard
 10201 | D:10     | Entered Level 10 of the Dungeon
 10519 | D:10     | Reached XP level 11. HP: 46/68 MP: 11/11
 10796 | D:10     | Reached ***** piety under Okawaru
 11161 | D:10     | Noticed a two-headed ogre
 11168 | D:10     | Killed a two-headed ogre
 11169 | D:10     | Reached skill level 11 in Maces & Flails
 11210 | D:10     | Noticed a two-headed ogre
 11214 | D:10     | Noticed a tengu warrior
 11215 | D:10     | Noticed a centaur warrior
 11241 | D:9      | Killed a two-headed ogre
 11521 | D:9      | Noticed Harold
 11542 | D:9      | Killed Harold
 11745 | D:9      | Killed a vault guard
 11745 | D:9      | Identified the +9 demon whip "Sagapp" {antimagic, rCorr}
                  | (Okawaru gifted it to you on level 9 of the Dungeon)
 11745 | D:9      | Received a gift from Okawaru
 11901 | D:9      | Found a staircase to the Orcish Mines.
 11901 | D:9      | Noticed Grum
 11922 | D:9      | Reached skill level 10 in Armour
 11955 | D:9      | Killed Grum
 12386 | D:9      | Noticed a deep elf pyromancer
 12932 | D:11     | Noticed a green ugly thing
 12938 | D:11     | Noticed a two-headed ogre
 12938 | D:11     | Noticed a death knight
 13010 | D:11     | Noticed Gastronok
 13014 | D:10     | Noticed an ogre mage
 13014 | D:10     | Noticed a white ugly thing
 13014 | D:10     | Noticed a five-headed hydra
 13014 | D:10     | Noticed a green ugly thing
 13014 | D:10     | Noticed a manticore
 13015 | D:10     | Noticed a skeletal warrior
 13053 | D:11     | Noticed a deep elf pyromancer
 13072 | D:11     | Killed a deep elf pyromancer
 13073 | D:11     | Reached skill level 12 in Maces & Flails
 13086 | D:11     | Found a staircase to the Lair.
 13152 | D:12     | Noticed a skeletal warrior
 13153 | D:12     | Noticed a skeletal warrior
 13154 | D:13     | Noticed Erolcha
 13161 | D:13     | Noticed a death knight
 13184 | D:13     | Noticed a purple ugly thing
 13185 | D:13     | Noticed a manticore
 13201 | D:13     | Killed a purple ugly thing
 13201 | D:13     | Reached ****** piety under Okawaru
 13222 | D:13     | Killed a manticore
 13223 | D:13     | Reached XP level 12. HP: 29/76 MP: 4/12
 13239 | D:13     | Found a gate to the Vaults.
 13239 | D:13     | Noticed a vault guard
 13239 | D:13     | Noticed a vault guard
 13239 | D:13     | Noticed a vault guard
 13239 | D:13     | Noticed a vault guard
 13239 | D:13     | Noticed a vault guard
 13239 | D:13     | Noticed a vault guard
 13240 | D:13     | Noticed a vault guard
 13240 | D:13     | Noticed a vault guard
 13269 | D:13     | Found a gate leading to a gauntlet.
 13272 | D:13     | Noticed Frances
 13275 | Gauntlet | Entered a Gauntlet
 13275 | Gauntlet | Found a transporter.
 13275 | Gauntlet | Found a transporter.
 13286 | Gauntlet | Noticed a soul eater
 13533 | Gauntlet | Found a transporter.
 13533 | Gauntlet | Found a transporter.
 13540 | Gauntlet | Noticed a tengu warrior
 13542 | Gauntlet | Found a transporter.
 13563 | Gauntlet | Found a transporter.
 13571 | Gauntlet | Found a transporter.
 13571 | Gauntlet | Found a transporter.
 13578 | Gauntlet | Found a transporter.
 13609 | Gauntlet | Found a transporter.
 13612 | Gauntlet | Found the +8 lance "Wyrmbane" {slay drac, rPois rF+ rC+
                  | AC+3}
 13616 | Gauntlet | Found a transporter.
 13634 | Gauntlet | Found a transporter.
 13680 | Gauntlet | Found a transporter.
 13700 | Gauntlet | Found a transporter.
 13794 | Gauntlet | Found a transporter.
 13810 | Gauntlet | Found a transporter.
 13916 | Gauntlet | Killed a soul eater
 14124 | Gauntlet | Paralysed by you for 6 turns
 14128 | Gauntlet | Slain by an apocalypse crab

Illustrated notes

Levels and vault maps discovered:
D:1:      dpeg_arrival_simpleton_a, layout_basic,
          dreamdust_ecumenical_altar_statues
D:2:      minmay_door_path, layout_basic, minmay_split_cup_large, uniq_jessica,
          uniq_sigmund
D:3:      layout_basic, mainiacjoe_overflow_concentric_impassable,
          uniq_crazy_yiuf_cottage, uniq_grinder, uniq_pargi
D:4:      layout_basic
D:5:      layout_gridville, nicolae_overflow_quartered_altars,
          trog_butcher_becter, serial_bayou_crossing, uniq_duvessa
D:6:      layout_basic, serial_shops, nicolae_shop_bloodbath_and_beyond
D:7:      layout_loops_ring, minmay_temple_entry_waves, minivault_4
D:8:      lemuel_ice_statue, layout_basic
D:9:      layout_basic, zombieorc2_lemuel, enter_bailey_7,
          minmay_misc_feat_diagonals, guppyfry_early_elven_hall, uniq_harold,
          uniq_grum
D:10:     layout_irregular_city, minivault_28
D:11:     regret_index_tunnel_blossom, layout_basic, uniq_gastronok
D:12:     layout_cave_pools, uniq_snorg
D:13:     layout_rooms, erik_vaults_2, gauntlet_entry_generic, serial_curves,
          eino_curves_04, eino_curves_02, chequers_serial_rivers_large_a,
          uniq_frances, uniq_erolcha
Gauntlet: gammafunk_gauntlet_branching [gammafunk_gauntlet_arena_open,
          gammafunk_gauntlet_arena_spirals, gammafunk_gauntlet_arena_corners,
          nicolae_gauntlet_swirl, nicolae_gauntlet_arena_t_cross,
          nicolae_gauntlet_arena_grate_2, gammafunk_gauntlet_arena_crates,
          gammafunk_gauntlet_arena_arrow_garden,
          nicolae_gauntlet_exit_dead_adventurers]

Skill      XL: |  1  2  3  4  5  6  7  8  9 10 11 |
---------------+----------------------------------+-----
Armour         | 4 5 6 7 9 10 | 10.4
Maces & Flails | 4 5 6 7 9 10 12 | 12.3
Fighting       | 4 5 6 7 9 |  9.3
Shields        | 4 5 6 7 |  7.9
Dodging        | 1 2 3 4 |  4.8
Stealth        | 1 3 |  3.4
Invocations    | |  0.1
Evocations     | |  0.4

Action                   |  1- 3 |  4- 6 |  7- 9 | 10-12 || total
-------------------------+-------+-------+-------+-------++-------
Melee: Flail             |    83 |   119 |       |       ||   202
       Mace              |       |    11 |   266 |   393 ||   670
       Demon whip        |       |       |       |   219 ||   219
Invok: Heroism           |       |       |       |     2 ||     2
Evoke: Wand              |       |       |     2 |     3 ||     5
  Use: Potion            |       |     1 |     1 |     3 ||     5
       Scroll            |       |       |       |    21 ||    21
 Stab: Paralysed         |       |       |       |     2 ||     2
       Distracted        |       |       |       |     1 ||     1
Armor: Scale mail        |    49 |    57 |   149 |   285 ||   540
Dodge: Dodged            |    42 |    64 |   144 |   231 ||   481
Block: Buckler           |    23 |    27 |    88 |   121 ||   259

Table legend: (Time is in decaauts)
 A = Elapsed time spent in this place.
 B = Non-inter-level travel time spent in this place.
 C = Inter-level travel time spent in this place.
 D = Time resting spent in this place.
 E = Time spent auto-exploring this place.
 F = Levels seen in this place.
 G = Mean time per level.
                   A        B        C        D        E       F      G
               +--------+--------+--------+--------+--------+-----+--------+
         Total |  14100 |  13452 |    648 |   1226 |   9398 |  15 |  940.0 |
       Dungeon |  12547 |  11899 |    648 |    789 |   8763 |  13 |  965.2 |
        Bailey |    718 |    718 |      0 |    437 |     15 |   1 |  718.0 |
      Gauntlet |    834 |    834 |      0 |      0 |    620 |   1 |  834.0 |
               +--------+--------+--------+--------+--------+-----+--------+

Top non-repeatable levels by time:
     D:3: 1494 daAuts
     D:6: 1317 daAuts
     D:8: 1301 daAuts
     D:9: 1290 daAuts
     D:7: 1284 daAuts
     D:2: 1200 daAuts
     D:1: 1194 daAuts
    D:10: 1073 daAuts
     D:5: 860 daAuts
Gauntlet: 834 daAuts
     D:4: 792 daAuts
  Bailey: 718 daAuts
    D:11: 563 daAuts
    D:13: 113 daAuts
    D:12: 62 daAuts
